 Dungeon Crawl Stone Soup version 0.21-a0-442-g848f44b (webtiles) character file.

144 Gildeon the Chopper (level 5, 0/48 HPs)
             Began as a Minotaur Fighter on Nov 16, 2017.
             Killed from afar by Sigmund (10 damage)
             ... with a puff of flame
             ... on level 3 of the Dungeon.
             The game lasted 00:11:33 (2077 turns).

Gildeon the Chopper (Minotaur Fighter)              Turns: 2077, Time: 00:11:33

Health: 0/48       AC:  5    Str: 26    XL:     5   Next: 5%
Magic:  4/4        EV:  8    Int:  5    God:
Gold:   107        SH: 15    Dex: 10    Spells: 0/4 levels left

rFire    . . .     SeeInvis .   a - +0 war axe
rCold    . . .     Gourm    .   c - +0 shield
rNeg     . . .     Faith    .   u - +0 ring mail
rPois    .         Spirit   .   (helmet restricted)
rElec    .         Reflect  +   (no cloak)
rCorr    +         Harm     .   (no gloves)
MR       .....                  (no boots)
Stlth    ..........             l - +5 amulet of reflection
HPRegen  0.16/turn              h - ring of resist corrosion
MPRegen  0.09/turn              (no ring)

@: mighty
A: retaliatory headbutt, horns 2
a: no special abilities


You were on level 3 of the Dungeon.
You were not hungry.

You visited 1 branch of the dungeon, and saw 3 of its levels.

You collected 107 gold pieces.

Inventory:

Hand Weapons
 a - a +0 war axe (weapon)
Missiles
 o - 4 javelins (quivered)
 t - 5 tomahawks
Armour
 b - a +0 scale mail
 c - a +0 shield (worn)
 j - a +0 chain mail
 u - a +0 ring mail (worn)
Jewellery
 h - a ring of resist corrosion (left hand)
 l - a +5 amulet of reflection (around neck)
Potions
 e - a potion of invisibility
 k - a potion of lignification {unknown}
 m - a potion of flight {unknown}
 n - 2 potions of haste
 p - a potion of resistance {unknown}
 r - a potion of curing {unknown}
 s - a potion of magic {unknown}
Comestibles
 f - a bread ration
 g - 5 fruits
 i - 2 chunks of flesh
 q - a royal jelly
 w - a meat ration


   Skills:
 - Level 5.0 Fighting
 - Level 5.1 Axes
 + Level 3.8 Armour
 - Level 3.6 Shields


You couldn't memorise any spells.
You knew the following spells:

 Your Spells              Type           Power        Failure   Level  Hunger
a - Animate Skeleton      Necr           N/A          98%         1    ##.....
b - Apportation           Tloc           #.....       98%         1    ##.....
c - Confusing Touch       Hex            #.....       98%         1    ##.....
d - Summon Small Mammal   Summ           #...         98%         1    ##.....


Dungeon Overview and Level Annotations

Branches:
Dungeon (3/15)

Altars:
Dithmenos

Annotations:
D:3 Sigmund


Innate Abilities, Weirdness & Mutations

You reflexively headbutt those who attack you in melee.
You have a pair of horns on your head.


Message History

You miss something.
You hear some strange, mumbled words.
A magic dart appears from out of thin air!
The magic dart hits you!
You miss something.
You hear some strange, mumbled words.
A puff of flame appears from out of thin air!
The puff of flame hits you! Something hits you.
You miss something.
You hear some strange, mumbled words.
A puff of flame appears from out of thin air!
The puff of flame reflects off an invisible shield around you!
The puff of flame hits something.
Something hits you.
* * * LOW HITPOINT WARNING * * *
You feel very mighty all of a sudden.
You hear some strange, mumbled words.
A puff of flame appears from out of thin air!
The puff of flame hits you!
You die...

#..............#
#.....# .....
#..............#
#..รท..#
....##.........#
#.....# .###
#.#.####### #.....#
#.#.###### #.....#
#........####.#####
#........+..#.#
#........##{#.#
#..........@..#
#.......###.###
#.......# #.#
######.....####.#
#................
.................
#................#
#......).........#
#................#


There were no monsters in sight!

Vanquished Creatures
  Jessica (D:2)
  4 adders
  An ooze (D:2)
  A dart slug (D:2)
  3 leopard geckos
  5 orcs (D:3)
  4 bats
  4 giant cockroaches
  9 goblins
  11 hobgoblins
  3 jackals (D:2)
  6 kobolds
  A quokka (D:2)
  A frilled lizard (D:1)
  8 rats
62 creatures vanquished.

Notes
Turn   | Place    | Note
-------+----------+-------------------------------------------
     0 | D:1      | Gildeon the Minotaur Fighter began the quest for the Orb.
     0 | D:1      | Reached XP level 1. HP: 19/19 MP: 0/0
    80 | D:1      | Reached XP level 2. HP: 20/26 MP: 1/1
   598 | D:1      | Reached XP level 3. HP: 29/31 MP: 2/2
  1078 | D:2      | Reached skill level 5 in Axes
  1336 | D:2      | Reached XP level 4. HP: 40/40 MP: 3/3
  1387 | D:2      | Noticed Jessica
  1392 | D:2      | Killed Jessica
  1573 | D:2      | Found a shadowy altar of Dithmenos.
  1902 | D:3      | Learned a level 1 spell: Animate Skeleton
  1904 | D:3      | Learned a level 1 spell: Apportation
  1906 | D:3      | Learned a level 1 spell: Confusing Touch
  1969 | D:3      | Reached skill level 5 in Fighting
  2031 | D:3      | Reached XP level 5. HP: 48/48 MP: 4/4
  2034 | D:3      | Learned a level 1 spell: Summon Small Mammal
  2065 | D:3      | Noticed Sigmund
  2077 | D:3      | Killed from afar by Sigmund

Vault maps used:
D:1:      kennysheep_arrival_seaside, minmay_misc_feat_pillars
D:2:      marbit_many_paths, uniq_jessica
D:3:      kennysheep_six_static_rooms, uniq_sigmund

Skill      XL: |  1  2  3  4 |
---------------+-------------+-----
Axes           | 3 4 5 |  5.1
Fighting       | 5 |  5.0
Armour         | |  3.8
Shields        | |  3.6

Action                   |  1- 3 |  4- 6 || total
-------------------------+-------+-------++-------
Melee: War axe           |    64 |    51 ||   115
       Headbutt          |     9 |     4 ||    13
Throw: Javelin           |    16 |    21 ||    37
       Tomahawk          |       |     2 ||     2
  Use: Scroll            |     2 |     2 ||     4
       Potion            |       |     1 ||     1
  Eat: Chunk             |     1 |     3 ||     4
Armor: Scale mail        |     6 |       ||     6
       Chain mail        |    16 |    10 ||    26
Dodge: Dodged            |    10 |     2 ||    12
Block: Shield            |    49 |    41 ||    90
       Reflection        |     5 |     4 ||     9

Table legend:
 A = Spawn XP
 B = Non-spawn XP
 C = Spawn XP percentage of total XP
 D = Spawn monster count
 E = Non-spawn monster count
 F = Spawn count percentage of total count
 G = Total turns spent on level
                    A         B        C        D         E        F      G
               +---------+---------+-------+---------+---------+-------+---------
         Total |       0 |     207 |   0.0 |       0 |      62 |   0.0 |  2077
               +---------+---------+-------+---------+---------+-------+---------
           D:1 |       0 |      44 |   0.0 |       0 |      24 |   0.0 |   869
           D:2 |       0 |     103 |   0.0 |       0 |      21 |   0.0 |   907
           D:3 |       0 |      60 |   0.0 |       0 |      17 |   0.0 |   301
               +---------+---------+-------+---------+---------+-------+---------
